 Dungeon Crawl Stone Soup version 0.26-a0-72-g09a6a6ccbd (webtiles) character file.

Game seed: 9152794762509482629

43643 Error4North the Blocker (level 13, -5/116 HPs)
             Began as a Minotaur Fighter on June 12, 2020.
             Was a High Priest of Okawaru.
             Slain by a torpor snail (19 damage)
             ... on level 6 of the Lair of Beasts on June 14, 2020.
             The game lasted 01:07:32 (15229 turns).

Error4North the Blocker (Minotaur Fighter)         Turns: 15229, Time: 01:07:33

Health: -5/116     AC: 30    Str: 22    XL:     13   Next: 91%
Magic:  10/16      EV: 16    Int: 11    God:    Okawaru [*****.]
Gold:   1021       SH: 21    Dex: 19    Spells: 12/12 levels left

rFire    + . .     SeeInvis .     - Unarmed
rCold    + . .     Gourm    .   c - +0 kite shield
rNeg     . . .     Faith    .   y - +2 plate armour "Kobeca Hyidu" {*Corrode Regen+ Dex+8 Stlth-}
rPois    +         Spirit   .   g - +1 hat
rElec    .         Reflect  +   j - scarf {rC+ rF+}
rCorr    .         Harm     .   D - +0 pair of gloves
MR       .....                  T - +2 pair of boots of the Cobbler {Int+3}
Stlth    ..........             B - amulet of reflection
HPRegen  0.69/turn              d - +4 ring of protection
MPRegen  0.15/turn              k - ring of poison resistance

@: mighty, heroism, finesse, slowed, very slow
A: retaliatory headbutt, horns 2
a: Heroism, Finesse, Renounce Religion


You were on level 6 of the Lair of Beasts.
You worshipped Okawaru.
Okawaru was extremely pleased with you.
You were hungry.

You visited 3 branches of the dungeon, and saw 15 of its levels.

You collected 1021 gold pieces.

Inventory:

Hand Weapons
 G - a +0 hunting sling
 U - a +0 broad axe
Missiles
 h - 15 boomerangs (quivered)
 N - 66 stones
Armour
 c - a +0 kite shield (worn)
 g - a +1 hat (worn)
 j - a scarf of resistance (worn)
 y - the +2 plate armour "Kobeca Hyidu" (worn) {*Corrode Regen+ Dex+8 Stlth-}
   (You found it on level 5 of the Dungeon)

   It affects your dexterity (+8).
   It increases your rate of regeneration.
   It may corrode you when you take damage.
   It makes you less stealthy.
 D - a +0 pair of gloves (worn)
 T - the +2 pair of boots of the Cobbler (worn) {Int+3}
   (You found it on level 6 of the Lair of Beasts)

   It affects your intelligence (+3).
Jewellery
 d - a +4 ring of protection (left hand)
 k - a ring of poison resistance (right hand)
 B - an amulet of reflection (around neck)
Wands
 r - a wand of polymorph (8)
 t - a wand of acid (9)
 F - a wand of paralysis (6)
 I - a wand of enslavement (14)
 M - a wand of clouds (3)
 Q - a wand of iceblast (11)
Scrolls
 b - 2 scrolls of magic mapping {unknown}
 e - 2 scrolls of fog {unknown}
 i - 2 scrolls of immolation {unknown}
 m - 5 scrolls of identify
 n - a scroll of enchant armour {unknown}
 o - 4 scrolls of remove curse {unknown}
 s - 6 scrolls of enchant weapon {unknown}
 v - a scroll of fear {unknown}
 A - 6 scrolls of teleportation {unknown}
 C - 7 scrolls of amnesia {unknown}
 K - a scroll of random uselessness {unknown}
 L - 3 scrolls of blinking {unknown}
 O - 2 scrolls of noise {unknown}
 S - a scroll of acquirement {unknown}
Potions
 l - 4 potions of curing {unknown}
 p - 3 potions of might
 q - 2 potions of brilliance
 u - 6 potions of heal wounds {unknown}
 w - 2 potions of degeneration {unknown}
 x - 2 potions of haste
 E - a potion of lignification {unknown}
 J - a potion of berserk rage {unknown}
 P - a potion of cancellation {unknown}
Miscellaneous
 z - a lightning rod (4/4)
 H - a phantom mirror
Comestibles
 f - 21 rations


   Skills:
 * Level 11.3(16.3) Fighting
 + Level 13.5(18.5) Axes
 + Level 3.4(9.3) Slings
 + Level 3.6(9.2) Throwing
 * Level 11.7(16.7) Armour
 * Level 9.4(14.4) Dodging
 + Level 0.6(5.6) Stealth
 * Level 13.8(18.8) Shields
 + Level 0.7(5.7) Unarmed Combat
 + Level 6.0 Invocations
 + Level 4.6 Evocations


You had 12 spell levels left.
You didn't know any spells.
Your spell library contained the following spells:

 Spells                   Type           Power        Failure   Level  Hunger
 Animate Skeleton         Necr           N/A          96%         1    ##.....
 Shock                    Conj/Air       #...         96%         1    ##.....
 Summon Butterflies       Summ           #.......     96%         1    ##.....
 Corpse Rot               Necr/Air       N/A          99%         2    ###....
 Swiftness                Chrm/Air       #.......     99%         2    ###....
 Call Canine Familiar     Summ           #.......     100%        3    ####...
 Confusing Touch          Hex            #.......     100%        3    ####...
 Gell's Gravitas          Tloc           #.........   100%        3    ####...
 Recall                   Summ/Tloc      N/A          100%        3    ####...
 Static Discharge         Conj/Air       #.......     100%        3    ####...
 Vampiric Draining        Necr           #.........   100%        3    ####...
 Airstrike                Air            #.........   100%        4    #####..
 Petrify                  Tmut/Erth      #.......     100%        4    #####..
 Summon Ice Beast         Ice/Summ       #.......     100%        4    #####..
 Agony                    Necr           #.......     100%        5    ######.
 Aura of Abjuration       Summ           #.........   100%        5    ######.
 Lightning Bolt           Conj/Air       #.........   100%        5    ######.
 Metabolic Englaciation   Hex/Ice        #.........   100%        5    ######.
 Summon Demon             Summ           #.........   100%        5    ######.
 Summon Forest            Summ/Tloc      #.........   100%        5    ######.
 Summon Mana Viper        Hex/Summ       #.......     100%        5    ######.
 Yara's Violent Unravell  Hex/Tmut       #.........   100%        5    ######.
 Shadow Creatures         Summ           N/A          100%        6    #######
 Summon Hydra             Summ           #.........   100%        7    #######
 Ignition                 Fire           #.........   100%        8    #######
 Shatter                  Erth           #.........   100%        9    #######
 Tornado                  Air            #.........   100%        9    #######


Dungeon Overview and Level Annotations

Branches:
Dungeon (8/15)             Temple (1/1) D:6            Lair (6/6) D:8
 Shoals (0/4) Lair:4       Spider (0/4) Lair:2        Slime (0/5) Lair:6

Altars:
Ashenzari
Cheibriados
Dithmenos
Elyvilon
Fedhas
Gozag
Hepliaklqana
Kikubaaqudgha
Makhleb
Okawaru
Qazlal
Ru
Trog
Uskayaw
Vehumet
Wu Jian
Xom
Yredelemnul
Zin
The Shining One

Annotations:
D:8 2 transporters
Lair:2 exclusion: oklob plant
Lair:6 1 transporter, Hasart's ghost, journeyman GrVM


Innate Abilities, Weirdness & Mutations

You reflexively headbutt those who attack you in melee.
You have a pair of horns on your head.


Message History

The six-headed hydra is almost dead.
The six-headed hydra closely misses you.
You block the six-headed hydra's attack.
The six-headed hydra closely misses you. x2
You block the six-headed hydra's attack. x2
The torpor snail bites you!
* * * LOW HITPOINT WARNING * * *
The komodo dragon rages.
The blink frog blinks!
You hear an angry hiss.
The torpor snail closely misses you. You furiously retaliate!
You headbutt the torpor snail!
The six-headed hydra bites you but does no damage.
You block the six-headed hydra's attack. x2
The six-headed hydra bites you but does no damage.
The six-headed hydra bites you.
* * * LOW HITPOINT WARNING * * *
You block the six-headed hydra's attack.
The torpor snail bites you!!
You die...

......PP...................P#...#
....PP.PP......####.©.####...PP..
...PP..PP....###. #####..##......
.PPPP.P.P...##..#.y)$!....#....P.
.PP.≈≈P.....#....###=§.##.##.....
.PP≈≈≈≈P....##.#.....#.....#.....
#PPP≈≈..P..[.#...#..©/F##.©#.....
##PPPPPPP....#..##yt#......#.....
##PPPPPP..#..#..@w#t..#...##.....
###..#..#.#..##..DWl.#....#......
######.#....##.###..#####......
##.#.......###©####......#...
#................†..#..###...
##...#..............#.### ##..
##P....#..........###### #...
###P...P#......#....###.# ##..
#P..P..................## #..


You could see a six-headed hydra (berserk), a torpor snail (berserk), a moth of
wrath, a komodo dragon (berserk), a blink frog, a crocodile and Hasart's ghost.

Vanquished Creatures
  Rupert (Lair:4)
  Josephine (Lair:4)
  3 hydras
  A queen ant (Lair:3)
  A necromancer (Lair:5)
  2 black mambas
  6 elephants (Lair:6)
  29 spiny frogs
  8 komodo dragons
  3 rime drakes
  A polar bear (Lair:4)
  Grinder (D:5)
  4 tyrant leeches (Lair:6)
  32 blink frogs
  3 hippogriffs
  7 dream sheep
  A spriggan (Lair:2)
  5 wraiths (Lair:4)
  17 yaks
  7 basilisks
  6 vampire mosquitoes (Lair:6)
  13 soldier ants (Lair:3)
  11 water moccasins
  11 porcupines
  A hornet zombie (D:6)
  A black bear (Lair:2)
  3 ice beasts
  3 phantoms
  A necrophage (D:8)
  5 ogres
  3 centaurs
  6 wolves (Lair:2)
  10 crocodiles
  A big kobold (D:8)
  14 bullfrogs
  2 scorpions
  4 killer bees (D:7)
  4 wights (D:8)
  A howler monkey (D:8)
  An electric eel (Lair:6)
  A crimson imp (D:5)
  5 hounds
  16 jellies
  2 centaur skeletons
  3 orc priests
  Jessica (D:3)
  Terence (D:2)
  5 orc wizards
  35 worker ants
  4 yak simulacra (Lair:5)
  A polar bear simulacrum (Lair:5)
  4 wolf simulacra (Lair:5)
  A hound zombie (D:6)
  A hound skeleton (D:7)
  A howler monkey zombie (D:6)
  A worker ant zombie (D:6)
  4 gnolls (D:3)
  9 adders
  A shadow imp (D:5)
  An adder skeleton (D:4)
  6 worms
  3 leopard geckos
  35 orcs
  A bat (D:2)
  8 giant cockroaches
  4 goblins
  7 hobgoblins
  16 jackals
  2 quokkas
  A ball python (D:5)
  7 frilled lizards
  2 jackal skeletons
  12 kobolds
  A leopard gecko skeleton (D:2)
  4 rats
  2 river rat simulacra (Lair:5)
  A fungus (Lair:4)
  12 plants
455 creatures vanquished.

Vanquished Creatures (others)
  2 bushes (Lair:6)
  13 fungi
  68 plants (Lair:6)
83 creatures vanquished.

Grand Total: 538 creatures vanquished

Notes
Turn   | Place    | Note
-------+----------+-------------------------------------------
     0 | D:1      | Error4North the Minotaur Fighter began the quest for the
                  | Orb.
     0 | D:1      | Reached XP level 1. HP: 19/19 MP: 0/0
   237 | D:1      | Reached XP level 2. HP: 21/27 MP: 1/1
  1250 | D:2      | Reached XP level 3. HP: 32/33 MP: 2/2
  1274 | D:2      | Noticed Terence
  1279 | D:2      | Killed Terence
  1329 | D:2      | Reached skill level 1 in Dodging
  1362 | D:2      | Reached XP level 4. HP: 41/41 MP: 3/3
  1899 | D:3      | Found a shattered altar of Ashenzari.
  1925 | D:3      | Found a shadowy altar of Dithmenos.
  2189 | D:3      | Reached XP level 5. HP: 42/47 MP: 4/4
  2194 | D:3      | Noticed Jessica
  2200 | D:3      | Killed Jessica
  2579 | D:4      | Noticed an ogre
  2585 | D:4      | Killed an ogre
  2585 | D:4      | Reached XP level 6. HP: 51/53 MP: 5/5
  2642 | D:4      | Reached skill level 5 in Armour
  2904 | D:4      | Reached skill level 5 in Shields
  2933 | D:4      | Reached skill level 5 in Axes
  3115 | D:4      | Reached skill level 5 in Fighting
  3115 | D:4      | Reached XP level 7. HP: 57/61 MP: 6/6
  3281 | D:4      | Found a burning altar of Makhleb.
  3550 | D:4      | Found a glowing silver altar of Zin.
  3676 | D:5      | Entered Level 5 of the Dungeon
  3725 | D:5      | Noticed Grinder
  3729 | D:5      | Paralysed by Grinder for 7 turns
  4013 | D:5      | Got a jasper-encrusted plate armour
  4016 | D:5      | Identified the +2 plate armour "Kobeca Hyidu" {*Corrode
                  | Regen+ Dex+8 Stlth-} (You found it on level 5 of the
                  | Dungeon)
  4336 | D:5      | Found a radiant altar of Vehumet.
  4367 | D:5      | Paralysed by Grinder for 6 turns
  4379 | D:5      | Killed Grinder
  4379 | D:5      | Reached XP level 8. HP: 54/70 MP: 7/7
  5123 | D:6      | Found a staircase to the Ecumenical Temple.
  5147 | Temple   | Entered the Ecumenical Temple
  5231 | Temple   | Became a worshipper of Warmaster Okawaru
  5503 | D:6      | Upgraded the game from 0.26-a0-67-g850bfe61e3 to
                  | 0.26-a0-70-g31f1466007
  5720 | D:6      | Identified Paaqog's Reference Book on Stolen Souls and the
                  | Compass
  6335 | D:7      | Reached XP level 9. HP: 72/78 MP: 8/8
  6963 | D:8      | Reached * piety under Okawaru
  7007 | D:8      | Found a transporter.
  7011 | D:8      | Noticed a kobold demonologist
  7113 | D:8      | Found a transporter.
  7253 | D:8      | Reached skill level 5 in Dodging
  7452 | D:8      | Found a staircase to the Lair.
  7585 | D:8      | Reached skill level 1 in Throwing
  7690 | Lair:1   | Entered Level 1 of the Lair of Beasts
  7693 | Lair:1   | Noticed a komodo dragon
  7700 | Lair:1   | Killed a komodo dragon
  7700 | Lair:1   | Reached ** piety under Okawaru
  7762 | Lair:1   | Noticed a spiny frog
  7774 | Lair:1   | Killed a spiny frog
  7774 | Lair:1   | Reached XP level 10. HP: 77/86 MP: 9/9
  7945 | Lair:1   | Reached skill level 10 in Axes
  8093 | Lair:1   | Reached *** piety under Okawaru
  8491 | Lair:2   | Reached skill level 1 in Evocations
  8553 | Lair:2   | Reached skill level 1 in Invocations
  8673 | Lair:2   | Reached **** piety under Okawaru
  8708 | Lair:2   | Noticed a spiny frog
  8717 | Lair:2   | Killed a spiny frog
  8844 | Lair:2   | Found a hole to the Spider Nest.
  8866 | Lair:2   | Noticed a black mamba
  8877 | Lair:2   | Killed a black mamba
  8877 | Lair:2   | Reached skill level 10 in Shields
  8877 | Lair:2   | Reached XP level 11. HP: 95/95 MP: 9/12
  8903 | Lair:2   | Noticed an oklob plant
  8944 | Lair:2   | Received a gift from Okawaru
  8944 | Lair:2   | Reached ***** piety under Okawaru
  9904 | Lair:3   | Noticed a queen ant
  9929 | Lair:3   | Killed a queen ant
 10057 | Lair:3   | Received a gift from Okawaru
 10064 | Lair:3   | Upgraded the game from 0.26-a0-70-g31f1466007 to
                  | 0.26-a0-72-g09a6a6ccbd
 10197 | Lair:3   | Reached skill level 10 in Armour
 10373 | Lair:3   | Received a gift from Okawaru
 10694 | Lair:3   | Reached XP level 12. HP: 93/104 MP: 14/14
 11677 | Lair:4   | Noticed Rupert
 11683 | Lair:4   | Paralysed by Rupert for 2 turns
 11707 | Lair:4   | Killed Rupert
 11707 | Lair:4   | Received a gift from Okawaru
 11877 | Lair:4   | Noticed a six-headed hydra
 11880 | Lair:4   | Received a gift from Okawaru
 11895 | Lair:4   | Killed a seven-headed hydra
 11895 | Lair:4   | Reached skill level 5 in Invocations
 11935 | Lair:4   | Noticed Josephine
 11949 | Lair:4   | Killed Josephine
 12199 | Lair:4   | Reached skill level 10 in Fighting
 12271 | Lair:4   | Reached skill level 1 in Slings
 12419 | Lair:4   | Found a staircase to the Shoals.
 13391 | Lair:5   | Reached XP level 13. HP: 113/113 MP: 14/16
 13570 | Lair:6   | Entered Level 6 of the Lair of Beasts
 13629 | Lair:6   | Found a staircase to the Slime Pits.
 13723 | Lair:6   | Found a transporter.
 13879 | Lair:6   | Found a transporter.
 13880 | Lair:6   | Noticed Hasart's ghost (journeyman GrVM)
 13960 | Lair:6   | Received a gift from Okawaru
 14825 | Lair:6   | Received a gift from Okawaru
 14869 | Lair:6   | Got a pair of distressingly furry boots
 14879 | Lair:6   | Identified the +2 pair of boots of the Cobbler {Int+3} (You
                  | found it on level 6 of the Lair of Beasts)
 14906 | Lair:6   | Found a snail-covered altar of Cheibriados.
 15229 | Lair:6   | Slain by a torpor snail

Illustrated notes

Levels and vault maps discovered:
D:1:      dpeg_arrival_simpleton_b, layout_basic
D:2:      layout_loops_ring, uniq_terence
D:3:      layout_rooms, nicolae_dithmenos_shadow_blocks,
          overflow_temple_1_default, uniq_jessica
D:4:      layout_layer_cave, lemuel_crystal_altar, zin_treasury,
          grunt_ministairs_13
D:5:      layout_basic, first_ration, basic_altar, uniq_grinder
D:6:      layout_layer_cave, minmay_temple_entry_stoned_glass
D:7:      layout_basic, grunt_ogre_cave, lightli_corner_chamber
D:8:      gammafunk_wand_slinger, layout_loops_ring, lair_entry_dummy,
          minmay_holes
Temple:   regret_index_temple_sphere_string
Lair:1:   layout_small_grid, grunt_megastairs_3
Lair:2:   layout_cellular_growth, nicolae_spider_entry_non_spiders,
          wad_woods_03, grunt_megastairs_4
Lair:3:   layout_small_grid, zaba_anthell
Lair:4:   layout_gridlike, elwin_shoals_entry_rocks, uniq_rupert, uniq_josephine
Lair:5:   layout_gridlike, eino_house_with_fridge
Lair:6:   minmay_lair_end_frog_pond, layout_cave_shapes,
          minmay_slime_entry_jelly_boxes, serial_forest,
          infiniplex_forest_clump_tiny, infiniplex_forest_pool,
          infiniplex_forest_straight_2, infiniplex_forest_lined_room_,
          infiniplex_forest_zigzag_2, infiniplex_forest_clump_double,
          basic_altar, gammafunk_ghost_berserking_beasts, st_stairs_10,
          nicolae_quartered_pool_medium

Skill      XL: |  1  2  3  4  5  6  7  8  9 10 11 12 13 |
---------------+----------------------------------------+-----
Fighting       | 4 5 6 7 8 9 10 11 | 11.3
Shields        | 4 5 6 7 8 10 11 12 13 | 13.8
Armour         | 4 5 6 7 8 9 10 11 | 11.7
Axes           | 3 4 5 6 7 9 10 11 12 13 | 13.5
Dodging        | 1 2 3 5 6 7 8 9 |  9.4
Throwing       | 1 2 3 |  3.6
Evocations     | 2 3 4 |  4.6
Invocations    | 3 4 5 6 |  6.0
Slings         | 2 3 |  3.4
Stealth        | |  0.6
Unarmed Combat | |  0.7

Action                   |  1- 3 |  4- 6 |  7- 9 | 10-12 | 13-15 || total
-------------------------+-------+-------+-------+-------+-------++-------
Melee: War axe           |    84 |   117 |   340 |   660 |   363 ||  1564
       Headbutt          |    12 |    19 |    94 |   234 |   130 ||   489
       Unarmed           |       |       |       |     7 |    24 ||    31
       Broad axe         |       |       |       |       |     3 ||     3
 Fire: Hunting sling     |       |       |       |    54 |    43 ||    97
Throw: Boomerang         |       |       |    16 |    57 |     3 ||    76
Invok: Heroism           |       |       |       |    12 |    12 ||    24
       Finesse           |       |       |       |       |     2 ||     2
Evoke: Wand              |       |       |     1 |       |       ||     1
  Use: Potion            |       |     1 |     2 |       |     1 ||     4
       Scroll            |       |       |     3 |     2 |       ||     5
  Eat: Chunk             |     1 |     6 |    15 |    12 |     6 ||    40
       Ration            |       |       |       |     2 |       ||     2
Armor: Scale mail        |    34 |    28 |       |       |       ||    62
       Skin              |       |     2 |       |       |       ||     2
       Chain mail        |       |     9 |    27 |       |       ||    36
       Plate armour      |       |       |   145 |   208 |   177 ||   530
Dodge: Dodged            |    23 |    48 |    81 |   186 |   179 ||   517
Block: Kite shield       |    39 |    51 |   213 |   466 |   427 ||  1196
       Reflection        |       |       |       |     1 |       ||     1

Table legend:
 A = Non-vault XP
 B = Vault XP
 C = Vault XP percentage of total XP
 D = Non-vault monster count
 E = Vault monster count
 F = Vault count percentage of total count
                 A         B        C        D         E       F
            +---------+---------+-------+---------+---------+-------
      Total |   35265 |   27083 |  43.4 |     292 |     150 |  33.9
            +---------+---------+-------+---------+---------+-------
        D:1 |      33 |       0 |   0.0 |      20 |       0 |   0.0
        D:2 |      61 |      36 |  37.1 |      19 |       1 |   5.0
        D:3 |      76 |      37 |  32.7 |      11 |       1 |   8.3
        D:4 |     583 |     158 |  21.3 |      28 |       5 |  15.2
        D:5 |     574 |     267 |  31.7 |      23 |       1 |   4.2
        D:6 |     877 |       0 |   0.0 |      28 |       0 |   0.0
        D:7 |     643 |     116 |  15.3 |      13 |       1 |   7.1
        D:8 |    1344 |       0 |   0.0 |      29 |       0 |   0.0
     Lair:1 |    2452 |     145 |   5.6 |      10 |       1 |   9.1
     Lair:2 |    4332 |    1594 |  26.9 |      23 |      14 |  37.8
     Lair:3 |    4966 |    3832 |  43.6 |      24 |      41 |  63.1
     Lair:4 |    8297 |    5089 |  38.0 |      30 |       7 |  18.9
     Lair:5 |    3426 |     907 |  20.9 |      12 |      13 |  52.0
     Lair:6 |    7601 |   14902 |  66.2 |      22 |      65 |  74.7
            +---------+---------+-------+---------+---------+-------
